 Dungeon Crawl Stone Soup version 0.27-a0-1158-gaa87e14f67 (webtiles) character file.

Game seed: 15867031644964821907

130 HoaS the Bolt Thrower (level 5, 0/30 HPs)
             Began as a Kobold Hunter on May 15, 2021.
             Succumbed to an adder's poison
             ... on level 2 of the Dungeon.
             The game lasted 00:05:02 (2421 turns).

HoaS the Bolt Thrower (Kobold Hunter)               Turns: 2421, Time: 00:05:03

Health: 0/30       AC:  6    Str: 10    XL:     5   Next: 36%
Magic:  5/5        EV: 13    Int: 12    God:
Gold:   62         SH:  0    Dex: 16    Spells: 4/4 levels left

rFire    . . .     SeeInvis .   b - +0 short sword
rCold    . . .     Faith    .   (shield restricted)
rNeg     . . .     Spirit   .   f - +0 ring mail
rPois    .         Reflect  .   (no helmet)
rElec    .         Harm     .   e - +0 cloak
rCorr    .         Rampage  .   (no gloves)
Will     .....                  (no boots)
Stlth    ++........             (no amulet)
HPRegen  0.10/turn              (no ring)
MPRegen  0.09/turn              (no ring)

@: lethally poisoned (0 -> -5)
A: small, no large weapons, nightstalker 3
a: no special abilities


You were on level 2 of the Dungeon.
You visited 1 branch of the dungeon, and saw 2 of its levels.

You collected 62 gold pieces.

Inventory:

Hand Weapons
 a - a +1 hand crossbow
 b - a +0 short sword (weapon)
Missiles
 d - 47 bolts
Armour
 e - a +0 cloak (worn)
 f - a +0 ring mail (worn)
Wands
 k - a wand of mindburst (11)
Scrolls
 i - a scroll of fear
 l - a scroll of holy word {unknown}
Potions
 c - a potion of attraction
 g - a potion of might {unknown}
 h - a potion of ambrosia {unknown}
 j - a potion of curing {unknown}


   Skills:
 - Level 2.1 Fighting
 + Level 4.2 Short Blades
 + Level 6.3 Crossbows
 - Level 2.4 Dodging
 - Level 1.3 Stealth


You had 4 spell levels left.
You didn't know any spells.
Your spell library was empty.

Dungeon Overview and Level Annotations

Branches:
Dungeon (2/15)

Altars:


Innate Abilities, Weirdness & Mutations

You are small and have problems with some larger weapons.
You are completely attuned to the shadows.


Message History

The adder is almost dead.
You feel sick. The adder closely misses you. The adder barely misses you.
You barely miss the adder.
The adder is almost dead.
You feel sick. The adder bites you.
You hit the adder but do no damage.
The adder is almost dead.
You feel sick. The adder bites you.
You barely miss the adder.
The adder is severely wounded.
You feel sick. The adder misses you.
You barely miss the adder.
The adder is severely wounded.
You feel sick. The adder bites you.
* * * LOW HITPOINT WARNING * * *
You barely miss the adder.
The adder is severely wounded.
You feel sick. The adder bites you but does no damage.
You miss the adder.
The adder is severely wounded.
You feel sick. The adder misses you. The adder barely misses you.
You hit the adder but do no damage.
The adder is severely wounded.
You feel sick.
You are no longer poisoned.
The adder bites you but does no damage.
You miss the adder.
The adder is severely wounded.
The adder bites you.
* * * LOW HITPOINT WARNING * * *
You are lethally poisoned!
The adder poisons you!
You hit the adder but do no damage.
The adder is severely wounded.
* * * LOW HITPOINT WARNING * * *
You feel sick. The adder bites you.
* * * LOW HITPOINT WARNING * * *
You miss the adder.
The adder is severely wounded.
You die...

...........##........
...........# ####....
..........## ###..
..........# #..
####.###..# ##. #.#
#.## ######. #.#
#.######...... #.#
#........##.#. #@#
#.########..#. #S#
### #..... ... ######
..... .......


You could see an adder.

Vanquished Creatures
  Natasha (thrice) (D:2)
  An adder (D:2)
  A dart slug (D:1)
  4 bats
  4 endoplasms
  5 goblins
  2 hobgoblins (D:1)
  4 jackals (D:2)
  A kobold (D:1)
  4 quokkas (D:1)
  7 ball pythons
  2 frilled lizards
  4 rats
42 creatures vanquished.

Notes
Turn   | Place    | Note
-------+----------+-------------------------------------------
     0 | D:1      | HoaS the Kobold Hunter began the quest for the Orb.
     0 | D:1      | Reached XP level 1. HP: 12/12 MP: 1/1
   111 | D:1      | Reached skill level 1 in Short Blades
   111 | D:1      | Reached skill level 5 in Crossbows
   267 | D:1      | Reached XP level 2. HP: 17/17 MP: 2/2
   757 | D:1      | Found a faded altar of an unknown god.
   804 | D:1      | Reached XP level 3. HP: 17/21 MP: 3/3
  1630 | D:2      | Noticed Natasha
  1657 | D:2      | Killed Natasha
  1658 | D:2      | Reached XP level 4. HP: 5/26 MP: 4/4
  2172 | D:2      | Reached skill level 6 in Crossbows
  2215 | D:2      | Noticed Natasha
  2221 | D:2      | Killed Natasha
  2222 | D:2      | Reached XP level 5. HP: 20/30 MP: 5/5
  2299 | D:2      | Noticed Natasha
  2302 | D:2      | Killed Natasha
  2420 | D:2      | HP: 1/30 [adder (1)]
  2421 | D:2      | Succumbed to an adder's poison

Illustrated notes

Levels and vault maps discovered:
D:1:      wheals_arrival_linesprint, layout_basic,
          shapermc_ecumenical_altar_mp_urbaneastern
D:2:      layout_rooms, uniq_crazy_yiuf_cottage, uniq_natasha

Skill      XL: |  1  2  3  4  5 |
---------------+----------------+-----
Short Blades   | 1 2 3 4 |  4.2
Crossbows      | 5 6 |  6.3
Fighting       | |  2.1
Dodging        | |  2.4
Stealth        | |  1.3

Action                   |  1- 3 |  4- 6 || total
-------------------------+-------+-------++-------
Melee: Short sword       |   110 |    32 ||   142
 Fire: Hand crossbow     |       |     4 ||     4
  Use: Scroll            |     1 |     1 ||     2
 Stab: Sleeping          |     9 |     2 ||    11
Armor: Leather armour    |    11 |       ||    11
       Ring mail         |    13 |     4 ||    17
Dodge: Dodged            |    72 |    14 ||    86

Table legend: (Time is in decaauts)
 A = Elapsed time spent in this place.
 B = Non-inter-level travel time spent in this place.
 C = Inter-level travel time spent in this place.
 D = Time resting spent in this place.
 E = Time spent auto-exploring this place.
 F = Levels seen in this place.
 G = Mean time per level.
                   A        B        C        D        E       F      G
               +--------+--------+--------+--------+--------+-----+--------+
         Total |   2417 |   2341 |     76 |    693 |   1343 |   2 | 1208.5 |
       Dungeon |   2417 |   2341 |     76 |    693 |   1343 |   2 | 1208.5 |
               +--------+--------+--------+--------+--------+-----+--------+

Top non-repeatable levels by time:
     D:1: 1570 daAuts
     D:2: 846 daAuts
